 Dungeon Crawl Stone Soup version 0.21-a0-110-g8e1637b (webtiles) character file.

21 Musica the Chiller (level 2, -1/15 HPs)
             Began as a Deep Elf Ice Elementalist on July 8, 2017.
             Slain by a jackal (2 damage)
             ... on level 1 of the Dungeon.
             The game lasted 00:01:59 (342 turns).

Musica the Chiller (Deep Elf Ice Elementalist)       Turns: 342, Time: 00:02:00

Health: -1/15      AC:  2    Str:  5    XL:     2   Next: 65%
Magic:  2/8        EV: 18    Int: 19    God:
Gold:   51         SH:  0    Dex: 20    Spells: 4/7 levels left

rFire    . . .     SeeInvis .   f - -2 dagger (curse)
rCold    . . .     Gourm    .   (no shield)
rNeg     . . .     Faith    .   a - +0 robe
rPois    .         Spirit   .   (no helmet)
rElec    .         Reflect  .   (no cloak)
rCorr    .         Harm     .   (no gloves)
MR       .....                  (no boots)
Stlth    +++.......             (no amulet)
HPRegen  0.05/turn              (no ring)
MPRegen  0.11/turn              (no ring)

@: agile
A: no striking features
a: no special abilities


You were on level 1 of the Dungeon.
You were not hungry.

You visited 1 branch of the dungeon, and saw 2 of its levels.

You collected 51 gold pieces.

Inventory:

Hand Weapons
 f - a cursed -2 dagger (weapon)
 h - a +0 short sword
Missiles
 e - 16 sling bullets
 j - 22 arrows
Armour
 a - a +0 robe (worn)
Scrolls
 i - a scroll of identify {unknown}
Books
 b - a book of Frost

   Spells                             Type                      Level
   a - Freeze                         Ice                          1
   b - Throw Frost                    Conjuration/Ice              2
   c - Ozocubu's Armour               Charms/Ice                   3
   d - Throw Icicle                   Conjuration/Ice              4
   e - Summon Ice Beast               Ice/Summoning                4
Comestibles
 c - 2 bread rations


   Skills:
 - Level 2.4 Dodging
 - Level 2.4 Stealth
 + Level 3.4 Spellcasting
 - Level 1.1 Conjurations
 + Level 4.1 Ice Magic


You had 4 spell levels left.
You knew the following spells:

 Your Spells              Type           Power        Failure   Level  Hunger
a - Freeze                Ice            ###.         2%          1    None
b - Throw Frost           Conj/Ice       ##....       8%          2    ##.....


Dungeon Overview and Level Annotations

Branches:
Dungeon (2/15)

Altars:
Nemelex Xobeh


Message History

You freeze the jackal.
The jackal is moderately wounded.
The jackal barks! x2
The jackal barely misses you. The jackal closely misses you. x2
You barely miss the jackal. The bat hits you but does no damage.
The jackal misses you. The jackal closely misses you.
You hit the jackal but do no damage. The bat misses you.
The jackal bites you. x2
You hit the jackal but do no damage. The bat barely misses you.
The jackal barely misses you. The jackal bites you.
The jackal barely misses you. The jackal completely misses you.
The jackal misses you.
You barely miss the jackal. The jackal completely misses you.
The jackal bites you. The jackal barely misses you. The jackal bites you. x2
* * * LOW HITPOINT WARNING * * *
The jackal bites you.
* * * LOW HITPOINT WARNING * * *
You closely miss the jackal. The jackal barely misses you.
The jackal closely misses you. The jackal barely misses you.
The jackal closely misses you. The jackal bites you.
You die...

#.!........# #..........#
####### #..........#
#...^.. #..........#
#...... #..........#
#...... +...b..?)..#
#...... #.[hhhh....#
#...... #@# #......
#h################
#.#######hg...............
......†..w.......)........
.................†..######
......g..###...####.# #
.........# #...# #.# #
....w....# #...# #.# #
.........# #...# #.# #


You could see a dart slug, 6 jackals, a goblin and a bat.

Vanquished Creatures
  A dart slug (D:1)
  2 bats (D:1)
  2 giant cockroaches (D:1)
  3 hobgoblins (D:1)
  A ball python (D:1)
  3 goblins (D:1)
  4 kobolds (D:1)
  2 rats (D:1)
18 creatures vanquished.

Notes
Turn   | Place    | Note
-------+----------+-------------------------------------------
     0 | D:1      | Musica the Deep Elf Ice Elementalist began the quest for the Orb.
     0 | D:1      | Reached XP level 1. HP: 10/10 MP: 6/6
   180 | D:2      | Found a sparkling altar of Nemelex Xobeh.
   194 | D:1      | Reached XP level 2. HP: 13/15 MP: 2/8
   198 | D:1      | Learned a level 2 spell: Throw Frost
   269 | D:1      | Reached skill level 4 in Ice Magic
   342 | D:1      | Slain by a jackal

Vault maps used:
D:1:      lightli_iron_boxes, minmay_pentomino_v4
D:2:      nemelex_xobeh_ov_fountains_minmay

Skill      XL: |  1  2 |
---------------+-------+-----
Ice Magic      | 4 |  4.1
Dodging        | |  2.4
Stealth        | |  2.4
Spellcasting   | |  3.4
Conjurations   | |  1.1

Action                   || total
-------------------------++-------
Melee: Unarmed           ||     1
       Dagger            ||     8
 Cast: Freeze            ||    26
       Throw Frost       ||     1
  Use: Potion            ||     2
Armor: Robe              ||     5
Dodge: Dodged            ||    43
